 Dungeon Crawl Stone Soup version 0.27-a0-1202-ge72e49191c (webtiles) character file.

Game seed: 1598567419540045451

56 27snakeeyes612 the Skirmisher (level 3, -3/33 (34) HPs)
             Began as a Naga Fighter on June 4, 2021.
             Slain by Crazy Yiuf
             ... wielding a +4 quarterstaff of chaos
              (5 damage)
             ... on level 2 of the Dungeon.
             The game lasted 00:01:09 (1906 turns).

27snakeeyes612 the Skirmisher (Naga Fighter)        Turns: 1906, Time: 00:01:11

HP:   -3/33 (34)    AC:  4    Str: 19    XL:     3   Next: 95%
MP:   3/3           EV: 10    Int:  8    God:
Gold: 72            SH:  8    Dex: 10    Spells: 2/2 levels left

rFire    . . .     SeeInvis +   a - +0 war axe
rCold    . . .     Faith    .   c - +0 kite shield
rNeg     . . .     Spirit   .   b - +0 scale mail
rPois    +         Reflect  .   (no helmet)
rElec    .         Harm     .   (no cloak)
rCorr    .         Rampage  .   (no gloves)
Will     .....                  (no barding)
Stlth    ..........             g - amulet of regeneration
HPRegen  1.11/turn              (no ring)
MPRegen  0.08/turn              (no ring)

@: agile, slowed, lightly drained, very slow
A: AC +1, large, see invisible, deformed body, poison resistance, slowness 2,
spit poison 1, naga tail 1
a: Spit Poison


You were on level 2 of the Dungeon.
You visited 1 branch of the dungeon, and saw 2 of its levels.

You collected 72 gold pieces.

Inventory:

Hand Weapons
 a - a +0 war axe (weapon)
Armour
 b - a +0 scale mail (worn)
 c - a +0 kite shield (worn)
Jewellery
 g - an amulet of regeneration (around neck)
Scrolls
 e - a scroll of enchant weapon {unknown}
 h - a scroll of magic mapping {unknown}
 i - a scroll of summoning {unknown}
 j - a scroll of identify {unknown}
Potions
 d - a potion of might
 f - a potion of lignification {unknown}
 k - a potion of berserk rage {unknown}
 l - a potion of curing {unknown}


   Skills:
 + Level 3.4 Fighting
 + Level 2.4 Axes
 + Level 2.9 Armour
 + Level 0.2 Dodging
 + Level 0.3 Stealth
 + Level 2.8 Shields


You had 2 spell levels left.
You didn't know any spells.
Your spell library was empty.

Dungeon Overview and Level Annotations

Branches:
Dungeon (2/15)

Altars:

Shops:
D:1 (

Annotations:
D:2 Crazy Yiuf


Innate Abilities, Weirdness & Mutations

Your serpentine skin is tough. (AC +1)
You have supernaturally acute eyesight. (SInv)
Armour fits poorly on your strangely shaped body.
Your system is resistant to poisons. (rPois)
You cover ground very slowly.
You can spit poison.
You have a snake-like lower body.


Message History

Crazy Yiuf whimpers, "Buddy!"
Crazy Yiuf hits you with a +4 quarterstaff of chaos.
Unknown command.
You barely miss Crazy Yiuf.
Crazy Yiuf is lightly wounded.
Crazy Yiuf whimpers, "Castle aubergine koolooloo!"
Crazy Yiuf hits you with a +4 quarterstaff of chaos.
Crazy Yiuf cries, "Shadow!"
Crazy Yiuf hits you with a +4 quarterstaff of chaos!
* * * LOW HITPOINT WARNING * * *
You feel yourself slow down.
You barely miss Crazy Yiuf.
Crazy Yiuf is lightly wounded.
You have got your breath back.
You block Crazy Yiuf's attack. x2
Unknown command.
You closely miss Crazy Yiuf.
Crazy Yiuf is lightly wounded.
Crazy Yiuf hits you with a +4 quarterstaff of chaos.
* * * LOW HITPOINT WARNING * * *
You feel drained.
* * * LOW HITPOINT WARNING * * *
Crazy Yiuf whimpers, "Hah song blue!"
Crazy Yiuf hits you but does no damage.
You feel agile all of a sudden.
You slash Crazy Yiuf!
Crazy Yiuf is almost dead.
You block Crazy Yiuf's attack.
Crazy Yiuf whimpers, "Key!"
Crazy Yiuf hits you with a +4 quarterstaff of chaos.
Crazy Yiuf closely misses you.
Unknown command.
You barely miss Crazy Yiuf.
Crazy Yiuf is almost dead.
Crazy Yiuf laughs, "Nubble leg spinner!"
Crazy Yiuf closely misses you.
Crazy Yiuf hits you with a +4 quarterstaff of chaos!
* * * LOW HITPOINT WARNING * * *
Crazy Yiuf freezes you.
You die...

#........#.##.......#
###########......##.####
...#### ###.#####.#
......# ### ### ##.##.#
#...#.####♣♣♣♣♣
#...#.##.#..♣.♣♣♣ ###
#...#........♣..♣#...#
##.##...)...♣♣♣♣@g...#
......#..#.♣♣ ♣♣#..)#
##)#######♣♣ ### ##.#
...# #### # # #


You could see Crazy Yiuf.

Vanquished Creatures
  An adder (D:2)
  A worm (D:2)
  2 dart slugs (D:1)
  2 ball pythons (D:1)
  4 endoplasms
  4 giant cockroaches
  5 goblins
  3 hobgoblins (D:2)
  4 kobolds
  6 bats
  A frilled lizard (D:1)
  2 rats
35 creatures vanquished.

Vanquished Creatures (others)
  4 fungi (D:2)
4 creatures vanquished.

Grand Total: 39 creatures vanquished

Notes
Turn   | Place    | Note
-------+----------+-------------------------------------------
     0 | D:1      | 27snakeeyes612 the Naga Fighter began the quest for the
                  | Orb.
     0 | D:1      | Reached XP level 1. HP: 21/21 MP: 1/1
   393 | D:1      | Reached XP level 2. HP: 28/28 MP: 2/2
   794 | D:1      | Reached XP level 3. HP: 34/34 MP: 3/3
  1115 | D:1      | Found Byufair's Weapon Shop.
  1283 | D:2      | Found a faded altar of an unknown god.
  1895 | D:2      | Found a runed translucent door.
  1896 | D:2      | Noticed Crazy Yiuf
  1906 | D:2      | Slain by Crazy Yiuf

Illustrated notes

Levels and vault maps discovered:
D:1:      dpeg_arrival_simpleton_a, layout_basic, serial_shops,
          nicolae_shop_behind_doors, roderic_serpentine_path
D:2:      layout_loops_cross, hellmonk_ecumenical_altar_zigzags,
          uniq_crazy_yiuf_cottage

Action                   || total
-------------------------++-------
Melee: War axe           ||   125
 Abil: Spit Poison       ||     1
Armor: Scale mail        ||   103
Dodge: Dodged            ||    49
Block: Kite shield       ||    81

Table legend: (Time is in decaauts)
 A = Elapsed time spent in this place.
 B = Non-inter-level travel time spent in this place.
 C = Inter-level travel time spent in this place.
 D = Time resting spent in this place.
 E = Time spent auto-exploring this place.
 F = Levels seen in this place.
 G = Mean time per level.
                   A        B        C        D        E       F      G
               +--------+--------+--------+--------+--------+-----+--------+
         Total |   2588 |   2556 |     32 |      0 |   2195 |   2 | 1294.0 |
       Dungeon |   2588 |   2556 |     32 |      0 |   2195 |   2 | 1294.0 |
               +--------+--------+--------+--------+--------+-----+--------+

Top non-repeatable levels by time:
     D:1: 1513 daAuts
     D:2: 1074 daAuts
